 Dungeon Crawl Stone Soup version 0.18-a0-29-gce27f3c (webtiles) character file.

53 Duffy the Skirmisher (level 3, 34/34 HPs)
             Began as a Centaur Monk on Nov 4, 2015.
             Was a Believer of the Shining One.
             Quit the game on level 2 of the Dungeon.
             The game lasted 00:02:07 (1416 turns).

Duffy the Skirmisher (Centaur Monk)                 Turns: 1416, Time: 00:02:07

Health: 34/34      AC:  5    Str: 13    XL:     3   Next: 62%
Magic:  3/3        EV:  9    Int: 10    God:    the Shining One [**....]
Gold:   78         SH:  0    Dex: 11    Spells: 0 memorised, 2 levels left

rFire  . . .     SeeInvis .     p - -2 whip (curse)
rCold  . . .     Clarity  .     r - +0 ring mail
rNeg   + . .     SustAt   .     (no shield)
rPois  .         Gourm    .     (no helmet)
rElec  .         Spirit   .     (no cloak)
rCorr  .         Warding  .     (no gloves)
rMut   .         Stasis   .     (no barding)
MR     .....                    (no amulet)
Stlth  ..........               (no ring)
                                (no ring)

@: glowing, very quick, not resistant to hostile enchantments, extremely
unstealthy
A: hooves 3, deformed body, speed 2, tough skin 3
a: Divine Shield, Renounce Religion


You were on level 2 of the Dungeon.
You worshipped the Shining One.
The Shining One was pleased with you.
You were not hungry.

You visited 1 branch of the dungeon, and saw 2 of its levels.

You collected 78 gold pieces.


Innate Abilities, Weirdness & Mutations

You have hooves in place of feet.
Armour fits poorly on your strangely shaped body.
You cover ground very quickly.
You have extremely tough skin (AC +3).


   Skills:
 + Level 4.4 Fighting
 - Level 2.4 Dodging
 - Level 1.2 Stealth
 - Level 4.0 Unarmed Combat


You had 2 spell levels left.
You didn't know any spells.

Inventory:

Hand Weapons
 p - a cursed -2 whip (weapon)
Missiles
 c - 107 stones (quivered)
Armour
 a - a +0 robe
 d - a +0 scale mail
 r - a +0 ring mail (worn)
Scrolls
 g - 4 scrolls of identify {unknown}
 h - a scroll of immolation {unknown}
 j - 3 scrolls of teleportation {unknown}
 k - a scroll of remove curse {unknown}
 l - a scroll of enchant weapon {unknown}
 s - a scroll of blinking {unknown}
Potions
 e - 2 potions of heal wounds {unknown}
 i - a potion of magic {unknown}
 m - 2 potions of lignification {unknown}
 n - a potion of might {unknown}
 o - a potion of invisibility {unknown}
 w - 2 potions of degeneration {unknown}
Comestibles
 b - 2 bread rations
 f - 3 meat rations
 q - 7 fruits
 v - a royal jelly

Dungeon Overview and Level Annotations

Branches:
Dungeon (2/15)

Altars:
Elyvilon
Kikubaaqudgha
Nemelex Xobeh
Ru
Yredelemnul
The Shining One


Message History

No target in view!
No target in view!
No target in view!
No target in view!
No target in view!
No target in view!
No target in view!
No target in view!
No target in view!
No target in view!
No target in view!
No target in view!
You feel sick.
You feel sick.
You feel sick.
You feel sick.
You feel sick.
You feel sick.
You feel sick.
You are no longer poisoned.
HP restored.
l - a scroll labeled AWEMEY ONOYD OTUNY
g - 4 scrolls labeled CASEIR VITE (gained 1)
Found a glowing whip.
w - 2 murky golden potions (gained 1)
Found an ancient bone altar of Kikubaaqudgha.
You enter the shallow water.
Moving in this stuff is going to be slow.
Found a hand axe.
You see here a glowing whip.
p - a glowing whip Wield which item (- for none, * to show all)? (? for menu, Esc to quit)
It sticks to your hand!
p - a cursed -2 whip (weapon)
Are you sure you want to abandon this character and quit the game? (Confirm with "yes".)

########.##
.#....##...#
#####.#._.....⌠.#
#.....#.≈.......#
#.....#..≈≈≈≈≈..##
###.....##...≈≈≈...#
........##...≈≈≈≈..#
........#...≈≈≈≈≈..#
..........⌠...≈.@..#
....###.........##.#
....# #.#.####.....#
##### #...# #.####
#.### #)# #.# #.#
#.# #.# #.# #.#


There were no monsters in sight!

Action                   || total
-------------------------++-------
Melee: Unarmed           ||    85
  Eat: Chunk             ||     1

Notes
Turn   | Place    | Note
--------------------------------------------------------------
     0 | D:1      | Duffy the Centaur Monk began the quest for the Orb.
     0 | D:1      | Reached XP level 1. HP: 19/19 MP: 1/1
   435 | D:1      | Reached XP level 2. HP: 26/26 MP: 2/2
   821 | D:2      | Found a basalt altar of Yredelemnul.
   880 | D:2      | Found a glowing golden altar of the Shining One.
   913 | D:2      | Became a worshipper of the Shining One
   913 | D:2      | Reached * piety under the Shining One
   913 | D:2      | Reached ** piety under the Shining One
   933 | D:2      | Found a white marble altar of Elyvilon.
   994 | D:2      | Found a sparkling altar of Nemelex Xobeh.
  1016 | D:2      | Reached skill level 4 in Fighting
  1016 | D:2      | Reached XP level 3. HP: 29/33 MP: 3/3
  1160 | D:2      | Found a sacrificial altar of Ru.
  1407 | D:2      | Found an ancient bone altar of Kikubaaqudgha.
  1416 | D:2      | Quit the game

Vault maps used:
D:1:      dpeg_arrival_snail
D:2:      nicolae_gozag_cash_rules_everything_around_me, lemuel_doored_altar,
          kiku_gazebo_pond_becter, lemuel_round_altar, elyvilon_altar_4,
          lemuel_coloured_pillars_altar, tso_metal_star, hex_medium

Vanquished Creatures
  3 adders
  2 bats
  3 giant cockroaches
  6 goblins
  4 hobgoblins
  A kobold
  A ball python
  A giant newt
  5 rats
26 creatures vanquished.
